AoeStats
← AiM | Facu1414

African Clearing

505357399Analyzed
4v4 RM · 23d ago on Sep 9, 2026· 44m 15s· 8 players
Game mode
Random Map
Map size
Large (8 player)
Population
200
Speed
Normal
Resources
Standard
Victory
Conquest
Starting age
Dark Age
Ending age
Imperial Age
RankedLock teamsTeams togetherTeam positionsShared explorationLock speedFull tech treeHidden civsTurbo modeCheats
Victory
Defeat
🇦🇷 Magyars · Argentina
1535
+11
🇨🇱 Huns · Chile
1486
+13
🇨🇦 Lithuanians · Canada
1438
+15
1348
+17
🇺🇸 Saracens · United States
1442
-15
🇧🇷 Wu · Brazil
1422
-15
🇨🇱 Mongols · Chile
1383
-13
🇧🇷 Persians · Brazil
1382
-13
Mionel Lessi
4:20 Loom
14:56 Feudal Age
19:10 Castle Age
18:56 Wheelbarrow
18:07 Town Watch
19:00 Wheelbarrow
18:18 Stone Mining
19:59 Double-Bit Axe
27:52 Padded Archer Armor
28:21 Hand Cart
29:05 Fletching
30:55 Bodkin Arrow
34:49 Leather Archer Armor
36:47 Red Cliffs Tactics
TmZ_Mosquito Sedutor
3:53 Loom
16:06 Feudal Age
17:22 Town Watch
32:56 Double-Bit Axe
JotaPex
8:30 Loom
12:52 Feudal Age
17:45 Forging
21:19 Double-Bit Axe
22:47 Fletching
25:35 Scale Mail Armor
27:16 Padded Archer Armor
30:02 Castle Age
28:58 Horse Collar
30:06 Crossbowman
31:33 Scale Barding Armor
37:23 Husbandry
39:37 Chain Barding Armor
Skirm2OP
11:08 Loom
13:42 Feudal Age
14:53 Double-Bit Axe
19:22 Castle Age
20:32 Bow Saw
22:12 Scale Barding Armor
23:12 Horse Collar
27:57 Bloodlines
27:48 Husbandry
29:25 Wheelbarrow
38:48 Imperial Age
36:30 Gold Mining
37:32 Chain Barding Armor
37:23 Forging
37:46 Fletching
39:53 Conscription
39:46 Elite Mameluke
AiM | Facu1414
9:23 Loom
13:40 Feudal Age
14:36 Double-Bit Axe
16:59 Horse Collar
20:34 Scale Barding Armor
25:41 Castle Age
24:43 Bloodlines
26:27 Wheelbarrow
26:52 Chain Barding Armor
26:38 Husbandry
40:16 Heavy Plow
40:27 Bow Saw
42:04 Gold Mining
45:28 Imperial Age
AiM | HolaRigbi2025
5:39 Loom
11:53 Feudal Age
12:41 Double-Bit Axe
14:09 Horse Collar
19:00 Forging
20:36 Scale Mail Armor
25:01 Town Watch
25:51 Wheelbarrow
25:06 Town Watch
25:38 Bloodlines
25:53 Scale Barding Armor
26:30 Fletching
29:11 Wheelbarrow
33:04 Castle Age
31:37 Padded Archer Armor
31:39 Gold Mining
33:46 Bodkin Arrow
34:08 Leather Archer Armor
34:58 Bow Saw
35:51 Husbandry
37:00 Ballistics
36:54 Heavy Plow
37:51 Hand Cart
39:10 Thumb Ring
old man
3:43 Loom
13:25 Feudal Age
14:08 Double-Bit Axe
24:08 Castle Age
23:13 Bloodlines
25:00 Scale Barding Armor
24:50 Horse Collar
24:58 Elite Skirmisher
32:22 Wheelbarrow
34:22 Forging
36:37 Heavy Plow
37:16 Chain Barding Armor
37:33 Fletching
38:19 Iron Casting
38:00 Bow Saw
38:08 Bow Saw
42:46 Iron Casting
AiM | Shuffle
12:23 Feudal Age
14:23 Loom
14:52 Gold Mining
17:10 Castle Age
15:19 Double-Bit Axe
18:24 Bow Saw
22:28 Fletching
25:23 Horse Collar
27:56 Husbandry
29:31 Bodkin Arrow
29:56 Padded Archer Armor
30:51 Bloodlines
33:12 Wheelbarrow
33:04 Town Watch
34:30 Thumb Ring
35:32 Leather Archer Armor
36:08 Stone Mining
38:07 Ballistics
40:56 Imperial Age
38:49 Heavy Plow
39:36 Hand Cart
42:09 Parthian Tactics
42:45 Chemistry
41:47 Bracer
44:02 Conscription
43:14 Heavy Cavalry Archer
44:11 Light Cavalry
Connection lost

Rejoining the realm…

Still unreachable

The connection could not be restored.

Session expired

The server has moved on; the page needs a fresh start.